Map: Orbital Shipyard

Players

ohyesStorM - Winner!

  • Race: Protoss Protoss

AgCl

  • Race: Protoss Protoss

VOD

Have the link to the VOD?

Description

Time

  • Played on: May 1, 2015, 1:50 a.m.
  • Length: 6:24
Show
View Real Time Build Order
Export as new Build Order

ohyesStorM Protoss - Winner!

Build Orders: 1 Gate Expand 

Get SALT Encoding   

  12  0:01  Probe  
  13  0:22  Probe, Pylon  
  14  0:40  Probe (Chrono Boost)  
  16  0:50  Gateway, Probe (Chrono Boost)  
  16  0:56  Assimilator  
  16  0:59  Probe (Chrono Boost)  
  17  1:11  Probe (Chrono Boost)  
  18  1:19  Nexus  
  18  1:21  Probe  
  19  1:33  Probe  
  19  1:35  Pylon  
  20  1:44  Cybernetics Core  
  20  1:46  Probe (Chrono Boost)  
  21  1:53  Assimilator  
  22  1:55  Probe (Chrono Boost)  
  22  2:04  Probe  
  23  2:21  Adept (Chrono Boost)  
  26  2:24  Mothership Core  
  26  2:26  Warp Gate  
  27  2:33  Probe  
  28  2:42  Pylon  
  28  2:45  Probe  
  29  2:52  Probe  
  29  2:57  Stalker (Chrono Boost), Probe  
  33  3:04  Probe  
  34  3:09  Probe  
  35  3:16  Probe  
  38  3:20  Adept (Chrono Boost)  
  38  3:21  Twilight Council  
  38  3:22  Probe  
  39  3:28  Probe  
  40  3:40  Stalker (Chrono Boost)  
  42  3:41  Probe  
  42  3:43  Pylon  
  42  3:47  Gateway x2  
  43  3:50  Pylon  
  43  4:15  Stalker (Chrono Boost)  
  43  4:20  Probe  
  43  4:22  Blink (Chrono Boost)  
  43  4:23  Probe  
  45  4:26  Gateway  
  45  4:27  Gateway  
  45  4:28  Gateway  
  45  4:30  Pylon  
  45  4:33  Robotics Facility  
  45  4:47  Pylon  
  45  4:48  Stalker x3  
  51  4:53  Probe  
  51  4:55  Assimilator  
  51  4:59  Assimilator  
  52  5:08  Stalker  
  54  5:17  Pylon  
  30  5:35  Probe  
  30  5:36  Immortal (Chrono Boost)  
  31  5:45  Stalker  
  31  5:47  Zealot x2  
  34  6:08  Probe x2 (Chrono Boost)  
  32  6:17  Stalker  
Show
View Real Time Build Order
Export as new Build Order

AgCl Protoss 

Build Orders: Oracle Opening, Oracle Opening 

Get SALT Encoding   

  12  0:02  Probe  
  13  0:15  Probe  
  14  0:31  Pylon  
  14  0:49  Probe  
  15  0:55  Assimilator  
  15  0:58  Gateway  
  15  1:00  Pylon  
  15  1:01  Probe  
  16  1:13  Probe  
  17  1:25  Probe  
  18  1:32  Pylon  
  18  1:37  Probe (Chrono Boost)  
  18  1:38  Assimilator  
  19  1:46  Cybernetics Core  
  19  1:49  Probe (Chrono Boost)  
  19  1:53  Zealot (Chrono Boost)  
  22  1:58  Probe (Chrono Boost)  
  23  2:06  Probe  
  24  2:18  Probe  
  25  2:24  Stargate  
  25  2:26  Warp Gate (Chrono Boost)  
  25  2:30  Stalker  
  25  2:32  Pylon  
  25  2:33  Probe  
  28  2:41  Mothership Core  
  30  2:51  Gateway  
  30  2:59  Gateway  
  28  3:15  Oracle (Chrono Boost)  
  30  3:35  Pylon  
  30  3:45  Gateway  
  30  3:46  Pylon  
  30  3:50  Oracle (Chrono Boost)  
  31  4:23  Stalker x3  
  34  4:39  Twilight Council  
  34  4:44  Stalker  
  36  4:46  Zealot  
  36  4:47  Zealot  
  36  4:48  Zealot  
  41  5:11  Stalker x3  
  41  5:19  Zealot  
  33  5:34  Zealot  
  33  5:35  Zealot x2  
  39  5:41  Stalker  
  34  5:55  Stalker  
  34  5:56  Zealot  
  30  6:21  Zealot  
Tags
 
Add a new tag
Caveats
  • Supply blocks, unpowered buildings, or Contaminate may cause inaccurate times.
  • Supply counts are checked every 10 seconds.